 Dungeon Crawl Stone Soup version 0.32-a0-913-g739538afd8 (webtiles) character file.

Game seed: 5018591234770769291

408 uglyjohn the Shooter (level 6, -1/53 HPs)
             Began as a Minotaur Hunter on Apr 9, 2024.
             Slain by a killer bee (4 damage)
             ... on level 3 of the Dungeon.
             The game lasted 00:05:20 (2945 turns).

uglyjohn the Shooter (Minotaur Hunter)              Turns: 2945, Time: 00:05:22

Health: -1/53      AC: 12    Str: 16    XL:     6   Next: 57%
Magic:  5/5        EV:  9    Int:  6    God:
Gold:   149        SH:  0    Dex: 15    Spells: 5/5 levels left

rFire   . . .        a - +0 shortbow
rCold   . . .        (shield currently unavailable)
rNeg    . . .        p - +0 scale mail
rPois   +            (helmet restricted)
rElec   .            u - +0 cloak
rCorr   .            i - +2 pair of gloves {Stlth+}
SInv    .            k - +0 pair of boots
Will    .....        (no amulet)
Stlth   +            g - ring of poison resistance
HPRegen 0.28/turn    (no ring)
MPRegen 0.09/turn

%: no passive effects
@: lethally poisoned (-1 -> -5)
A: horns 2, retaliatory headbutt, MP-powered wands
a: no special abilities


You were on level 3 of the Dungeon.
You visited 1 branch of the dungeon, and saw 4 of its levels.

You collected 149 gold pieces.

Inventory:

Hand Weapons
 a - a +0 shortbow (weapon)
Armour
 c - a +0 leather armour
 i - a +2 pair of gloves of stealth (worn)
 k - a +0 pair of boots (worn)
 p - a +0 scale mail (worn)
 u - a +0 cloak (worn)
Jewellery
 b - a ring of fire
 g - a ring of poison resistance (left hand)
 v - a ring of fire
Scrolls
 e - a scroll of silence {unknown}
 m - a scroll of summoning {unknown}
 n - 2 scrolls of fear {unknown}
 o - 3 scrolls of identify {unknown}
 q - 3 scrolls of amnesia {unknown}
 r - 2 scrolls of fog {unknown}
 s - 2 scrolls of teleportation {unknown}
 w - a scroll of enchant weapon {unknown}
 x - a scroll of vulnerability {unknown}
Potions
 d - a potion of berserk rage {unknown}
 f - 2 potions of brilliance {unknown}
 h - 2 potions of mutation
 j - a potion of magic {unknown}
 l - 3 potions of curing {unknown}
 t - a potion of lignification {unknown}


   Skills:
 + Level 4.7 Fighting
 * Level 6.9 Ranged Weapons
 + Level 3.7 Armour
 - Level 2.1 Dodging
 - Level 0.7 Stealth


You had 5 spell levels left.
You didn't know any spells.
Your spell library was empty.

Dungeon Overview and Level Annotations

Branches:
Dungeon (4/15)
 Temple: D:4-7

Altars:
Ru


Innate Abilities, Weirdness & Mutations

You have a pair of horns on your head.
You reflexively headbutt those who attack you in melee.
You expend magic power (3 MP) to strengthen your wands.


Message History

You are poisoned.
The killer bee poisons you!
You shoot an arrow. The arrow barely misses the killer bee.
The arrow hits the killer bee but does no damage.
You feel very sick. The killer bee stings you!
The killer bee stings you but does no damage.
The killer bee closely misses you. You furiously retaliate!
You headbutt the killer bee. You shoot an arrow. The arrow hits the killer bee.
The killer bee is heavily wounded.
You feel sick. The killer bee misses you. You furiously retaliate!
You headbutt the killer bee. The killer bee stings you.
You shoot an arrow. The arrow misses the killer bee.
You feel sick.
The killer bee stings you. x2; The killer bee stings you!
The killer bee stings you but does no damage. x2
The killer bee barely misses you.
You shoot an arrow.
The arrow closely misses the killer bee.
You feel sick.
The killer bee stings you but does no damage. x3
The killer bee stings you.
* * * LOW HITPOINT WARNING * * *
You are more poisoned.
The killer bee poisons you!
The killer bee stings you but does no damage.
You shoot an arrow. The arrow barely misses the killer bee.
You feel very sick. The killer bee stings you.
* * * LOW HITPOINT WARNING * * *
The killer bee closely misses you.
The killer bee stings you but does no damage. x3
Unknown command.
It was a potion of mutation.
You feel extremely strange.
You feel your magical essence link to the dungeon's wands.
* * * LOW HITPOINT WARNING * * *
You feel sick.
The killer bee stings you but does no damage.
The killer bee stings you.
You die...

<....#.#.#.#....#.######.##
.....#.#.#.#....#.######.##
.....#.#.#.#..............#
.....#.#.#.#..)#########.##
...###.#.#.#...# #.# ...#
#.#.#.#..)############ ..##
#.....#...........)..#
..######.###.#.#########.##
...............y@# #.#
...#####.###.#)#y# #.# ##.#
#.# #.#)#.# #.# ##.# #.#
#.#.#.# #.# ##.# #.#
#.#.#.# #.# #.# #.# #.#.#.#
#.# #.# #.# #.#.#.# #.#
#.#####.# #.#.#.# #.#
#.......# #.#.#.# #.#


You could see 2 killer bees.

Vanquished Creatures
  An ogre (D:3)
  A killer bee (D:3)
  A bombardier beetle (D:3)
  A jelly (D:4)
  An orc priest (D:4)
  A hound (D:4)
  An orc wizard (D:4)
  Robin (D:3)
  4 adders
  3 dart slugs
  A ribbon worm (D:2)
  2 orcs (D:4)
  7 ball pythons
  3 bats
  4 endoplasms
  3 giant cockroaches
  16 goblins
  4 hobgoblins
  9 jackals (D:1)
  4 quokkas
  3 frilled lizards
  2 kobolds
  5 rats
78 creatures vanquished.

Notes
Turn   | Place    | Note
-------+----------+-------------------------------------------
     0 | D:1      | uglyjohn the Minotaur Hunter began the quest for the Orb.
     0 | D:1      | Reached XP level 1. HP: 18/18 MP: 0/0
   104 | D:1      | Reached XP level 2. HP: 20/25 MP: 1/1
   108 | D:1      | Reached skill level 1 in Armour
   612 | D:1      | Reached skill level 5 in Ranged Weapons
   627 | D:1      | Reached XP level 3. HP: 31/31 MP: 2/2
  1675 | D:2      | Reached XP level 4. HP: 38/38 MP: 3/3
  1937 | D:3      | Noticed an ogre
  1991 | D:3      | Killed an ogre
  1992 | D:3      | Reached skill level 6 in Ranged Weapons
  1992 | D:3      | Reached XP level 5. HP: 14/46 MP: 4/4
  2239 | D:3      | Noticed Robin
  2248 | D:3      | Killed Robin
  2477 | D:3      | Found a sacrificial altar of Ru.
  2838 | D:4      | Reached XP level 6. HP: 46/53 MP: 5/5
  2945 | D:3      | Gained mutation: You expend magic power (3 MP) to
                  | strengthen your wands. [potion of mutation]
  2945 | D:3      | Slain by a killer bee

Illustrated notes

Levels and vault maps discovered:
D:1:      roadster_arrival_rocket_small, layout_basic
D:2:      layout_loops_ring
D:3:      minmay_angry_zag, layout_basic, nicolae_ru_the_path_less_chosen,
          uniq_robin
D:4:      layout_cave_pools, mainiacjoe_overflow_concentric_impassable,
          nicolae_shop_self_help, uniq_blork_the_orc

Skill      XL: |  1  2  3  4  5 |
---------------+----------------+-----
Armour         | 1 2 3 |  3.7
Ranged Weapons | 5 6 |  6.9
Fighting       | 3 4 |  4.7
Dodging        | |  2.1
Stealth        | |  0.7

Action                     |  1- 3 |  4- 6 || total
---------------------------+-------+-------++-------
   Fire: Shortbow          |   110 |   119 ||   229
    Use: Scroll            |       |     1 ||     1
         Potion            |       |     1 ||     1
 Armour: Leather armour    |    42 |       ||    42
         Scale mail        |     4 |    76 ||    80
  Dodge: Dodged            |    31 |    21 ||    52

Table legend: (Time is in decaauts)
 A = Elapsed time spent in this place.
 B = Non-inter-level travel time spent in this place.
 C = Inter-level travel time spent in this place.
 D = Time resting spent in this place.
 E = Time spent auto-exploring this place.
 F = Levels seen in this place.
 G = Mean time per level.
                   A        B        C        D        E       F      G
               +--------+--------+--------+--------+--------+-----+--------+
         Total |   3004 |   2835 |    169 |    232 |   2076 |   4 |  751.0 |
       Dungeon |   3004 |   2835 |    169 |    232 |   2076 |   4 |  751.0 |
               +--------+--------+--------+--------+--------+-----+--------+

Top non-repeatable levels by time:
     D:1: 1192 daAuts
     D:3: 1004 daAuts
     D:2: 755 daAuts
     D:4: 52 daAuts
